 Dungeon Crawl Stone Soup version 0.30.1 (webtiles) character file.

Game seed: 8491230114381320951

108 Sabo the Chopper (level 4, -1/34 HPs)
             Began as a Demonspawn Gladiator on July 12, 2023.
             Slain by a gnoll
             ... wielding a +0 halberd
              (13 damage)
             ... on level 2 of the Dungeon.
             The game lasted 00:07:13 (1587 turns).

Sabo the Chopper (Demonspawn Gladiator)             Turns: 1587, Time: 00:07:14

Health: -1/34      AC:  6    Str: 16    XL:     4   Next: 58%
Magic:  4/4        EV: 11    Int:  9    God:
Gold:   75         SH:  0    Dex: 15    Spells: 3/3 levels left

rFire   . . .        a - +0 war axe
rCold   . . .        (no shield)
rNeg    . . .        h - +0 ring mail
rPois   .            c - +0 helmet
rElec   .            (no cloak)
rCorr   .            (no gloves)
SInv    .            (no boots)
Will    .....        (no amulet)
Stlth   +            (no ring)
HPRegen 0.25/turn    (no ring)
MPRegen 0.09/turn

%: no passive effects
@: no status effects
A: demonic guardian 2, powered by pain 1
a: no special abilities


You were on level 2 of the Dungeon.
You visited 1 branch of the dungeon, and saw 2 of its levels.

You collected 75 gold pieces.

Inventory:

Hand Weapons
 a - a +0 war axe (weapon)
 l - a +0 sling
Missiles
 d - a throwing net (quivered)
Armour
 c - a +0 helmet (worn)
 h - a +0 ring mail (worn)
Scrolls
 b - a scroll of fear {unknown}
 i - a scroll of teleportation
 j - 2 scrolls of enchant armour {unknown}
 k - 2 scrolls of vulnerability {unknown}
 m - a scroll of identify {unknown}
Potions
 g - 3 potions of curing {unknown}
 n - a potion of mutation {unknown}
 o - a potion of lignification {unknown}


   Skills:
 + Level 2.4 Fighting
 + Level 3.7 Axes
 + Level 1.8 Throwing
 + Level 1.8 Armour
 + Level 3.1 Dodging


You had 3 spell levels left.
You didn't know any spells.
Your spell library contained the following spells:

 Spells                   Type           Power      Damage    Failure   Level
 Necrotise                Necr           0%         1d4       58%         1
 Vampiric Draining        Necr           0%         2d6       92%         3
 Agony                    Necr           0%         N/A       100%        5


Dungeon Overview and Level Annotations

Branches:
Dungeon (2/15)

Altars:

Shops:
D:1 [


Innate Abilities, Weirdness & Mutations

A demonic guardian rushes to your aid.
You sometimes gain a little power by taking damage.


Message History

The sling bullet barely misses the gnoll.
A gnoll comes into view. It is wielding a +0 halberd.
The gnoll hits you but does no damage.
Unknown command.
a - a +0 war axe (weapon)
The gnoll shouts!
You hit the gnoll.
The gnoll is severely wounded.
The gnoll hits you with a +0 whip. The gnoll hits you but does no damage.
You hit the gnoll but do no damage.
The gnoll is almost dead.
You hit the gnoll. The gnoll closely misses you.
The gnoll hits you from afar with a +0 spear.
The gnoll misses you.
You barely miss the gnoll.
The gnoll is almost dead.
You hit the gnoll.
You kill the gnoll!
The gnoll closely misses you.
You hit the gnoll but do no damage.
The gnoll is almost dead.
The gnoll misses you.
The gnoll hits you from afar with a +0 spear.
The gnoll hits you with a +2 whip of electrocution.
The gnoll hits you from afar with a +0 spear.
The gnoll hits you but does no damage. The gnoll closely misses you.
The gnoll hits you but does no damage. The gnoll hits you with a +0 halberd!
You slash the gnoll!
You kill the gnoll!
You hit the gnoll. You barely miss the gnoll. The gnoll misses you.
The gnoll closely misses you.
You hit the gnoll.
The gnoll is lightly wounded.
You slash the gnoll! The gnoll barely misses you.
The gnoll hits you but does no damage.
You hit the gnoll but do no damage.
The gnoll is lightly wounded.
You closely miss the gnoll. The gnoll hits you with a +0 halberd!
You die...

...........###...................
......)....................÷....#
#...............................#
.................#######.........
.................#######.........
.................#.....#.........
...........#....##...............
...'#)....†..##.##.........#.....
...'#....†.....)@..........#.....
..........).##.g.g...............
............##...................
.................................
.......##.##.....#..(............
.[........##........###..........
############..........#..........
........=...#####......
...................#....


You could see 2 gnolls.

Vanquished Creatures
  An iguana (D:2)
  2 adders (D:2)
  2 gnolls (D:2)
  A dart slug (D:1)
  4 ball pythons (D:1)
  3 bats
  5 endoplasms
  6 goblins
  2 hobgoblins (D:1)
  5 jackals
  A quokka (D:1)
  A frilled lizard (D:2)
  7 kobolds
40 creatures vanquished.

Vanquished Creatures (collateral kills)
  A quokka (D:1)
1 creature vanquished.

Grand Total: 41 creatures vanquished

Notes
Turn   | Place    | Note
-------+----------+-------------------------------------------
     0 | D:1      | Sabo the Demonspawn Gladiator began the quest for the Orb.
     0 | D:1      | Reached XP level 1. HP: 16/16 MP: 1/1
   207 | D:1      | Gained mutation: A weak demonic guardian rushes to your
                  | aid. [demonic ancestry]
   207 | D:1      | Reached XP level 2. HP: 22/22 MP: 2/2
   215 | D:1      | Found Kuuj's Antique Armour Emporium.
   793 | D:1      | Found a faded altar of an unknown god.
   898 | D:1      | Gained mutation: A demonic guardian rushes to your aid.
                  | [demonic ancestry]
   898 | D:1      | Reached XP level 3. HP: 27/27 MP: 3/3
  1147 | D:2      | Reached skill level 1 in Armour
  1241 | D:2      | Gained mutation: You sometimes gain a little power by
                  | taking damage. [demonic ancestry]
  1241 | D:2      | Reached XP level 4. HP: 31/34 MP: 4/4
  1587 | D:2      | Slain by a gnoll

Illustrated notes

Levels and vault maps discovered:
D:1:      psy_arrival_wood_between_worlds, layout_basic,
          dilly_ecumenical_altar_fadedgnrine, serial_shops,
          nicolae_shop_crystal, st_stairs_14
D:2:      layout_basic

Skill      XL: |  1  2  3 |
---------------+----------+-----
Axes           | 3 |  3.7
Dodging        | 3 |  3.1
Armour         | 1 |  1.8
Fighting       | |  2.4
Throwing       | |  1.8

Action                     |  1- 3 |  4- 6 || total
---------------------------+-------+-------++-------
  Melee: War axe           |    66 |    38 ||   104
         Punch             |       |     2 ||     2
   Fire: Sling             |       |    11 ||    11
  Throw: Throwing net      |       |     2 ||     2
         Javelin           |       |     1 ||     1
    Use: Scroll            |     2 |     1 ||     3
 Armour: Ring mail         |    26 |    18 ||    44
  Dodge: Dodged            |    45 |    29 ||    74
